cohdb
Replays
Latest Replays
All Replays
Popular Replays
Top Player Replays
Match Explorer
How It Works
Community
CoH3 Stats
Reddit
Sign in to upload your games and track your stats! →
Sign in with Steam
Match 45831487
Unlisted
Match 45831487
Overview
Messages
Build Orders
End
Panzergrenadier Squad
250 Light Carrier
Panzergrenadier Squad
Selects Armored Support Battlegroup
Selects Salvage Kits
Construct Light Support Kompanie
Assault Grenadier Squad
2.5-tonne Medical Truck
Panzerjäger Mechanized Group
Fire Support Elements
Flakvierling Half-track
Selects Panzer Storm
Veteran Squad Leaders
Construct Panzerarmee Kommand
Selects Stuka Dive Bomb
Selects Veteran Gunners
le.IG 18 Mechanized Group
Stuka Dive Bomb
RadioActiveMan
Ashur
Seocheon
CalmDownJustAGame
0
0
Comments
sign in to comment!
No comments posted yet!